Map: Central Protocol

Players

Reality

  • Race: Terran Terran
  • League: Master

Solar - Winner!

  • Race: Zerg Zerg
  • League: Master

Event: Team Gravity's Tournament of Champions #5

VOD

Have the link to the VOD?

Description

Time

  • Played on: Nov. 15, 2015, 8:49 p.m.
  • Length: 6:42

All games in this series

Show
View Real Time Build Order
Export as new Build Order

Reality Terran 

Build Orders: Command Center First (CC), Hellion Banshee 

Get SALT Encoding   

  12  0:00  SCV  
  13  0:12  SCV  
  14  0:17  Supply Depot  
  14  0:24  SCV  
  15  0:39  SCV  
  16  0:51  SCV  
  17  1:01  Command Center  
  17  1:05  SCV  
  18  1:13  Barracks  
  18  1:17  SCV  
  19  1:23  Refinery  
  19  1:29  SCV  
  20  1:41  SCV  
  21  1:53  SCV  
  22  2:00  Marine  
  23  2:05  Orbital Command  
  23  2:10  Bunker  
  23  2:12  Orbital Command  
  23  2:18  Marine  
  24  2:27  Factory  
  24  2:31  SCV  
  25  2:39  SCV  
  25  2:43  Barracks Reactor, SCV  
  27  2:53  Command Center, SCV  
  27  2:55  SCV  
  29  3:00  Supply Depot  
  29  3:01  Refinery  
  29  3:05  SCV  
  30  3:07  SCV  
  30  3:11  Supply Depot  
  31  3:17  SCV  
  31  3:19  Starport  
  33  3:20  SCV  
  33  3:25  Hellion x2  
  37  3:28  Barracks Tech Lab  
  37  3:29  SCV  
  37  3:32  SCV  
  39  3:41  SCV  
  39  3:44  SCV  
  39  3:46  Hellion x2  
  46  3:53  SCV  
  46  3:56  SCV  
  46  3:57  Marine  
  46  4:01  Banshee  
  51  4:05  Orbital Command  
  51  4:06  SCV  
  51  4:08  SCV  
  53  4:11  Hellion x2  
  53  4:15  Barracks Tech Lab  
  57  4:19  SCV  
  57  4:20  SCV  
  59  4:29  Engineering Bay  
  59  4:31  SCV x2, Refinery x2  
  59  4:32  SCV, Engineering Bay  
  59  4:35  Marine  
  63  4:44  SCV  
  63  4:45  SCV x2, Factory Reactor  
  66  4:47  Viking  
  68  4:57  SCV  
  68  4:58  Barracks  
  69  5:02  Barracks  
  69  5:07  SCV x2  
  69  5:09  SCV  
  69  5:12  Marine  
  66  5:17  Barracks x2  
  66  5:21  SCV  
  67  5:23  SCV  
  67  5:26  Starport Reactor  
  67  5:28  Supply Depot x2  
  68  5:31  Marine  
  69  5:40  Supply Depot  
  69  5:49  Marine  
  76  5:50  SCV x3, Siege Tank  
  76  5:54  Supply Depot  
  76  5:57  Marine x3  
  76  5:58  Marine  
  76  6:04  Medivac  
  80  6:07  Marine  
  76  6:11  SCV x2  
  76  6:14  SCV  
  76  6:15  Marine x2  
  72  6:25  SCV x2  
  57  6:26  SCV  
Show
View Real Time Build Order
Export as new Build Order

Solar Zerg - Winner!

Build Orders: Hatch First 

Get SALT Encoding   

  12  0:00  Drone  
  13  0:11  Overlord  
  13  0:17  Drone  
  14  0:30  Drone x2  
  14  0:34  Drone  
  17  0:52  Hatchery  
  17  0:55  Drone  
  17  0:58  Drone  
  18  1:04  Extractor  
  18  1:06  Drone  
  18  1:16  Spawning Pool  
  17  1:18  Drone  
  18  1:27  Drone  
  19  1:40  Overlord  
  19  2:05  Queen x2  
  19  2:07  Zergling x4  
  25  2:08  Drone  
  26  2:15  Drone  
  26  2:18  Metabolic Boost  
  26  2:19  Drone  
  26  2:22  Drone  
  29  2:26  Drone  
  30  2:33  Overlord  
  30  2:36  Drone  
  31  2:40  Queen  
  33  2:44  Zergling x2  
  33  2:47  Zergling x2  
  35  2:56  Zergling x2  
  36  2:59  Zergling x2  
  37  3:06  Zergling x2  
  37  3:08  Overlord  
  38  3:13  Zergling x4  
  38  3:14  Zergling x8  
  38  3:19  Hatchery  
  43  3:20  Zergling x2  
  44  3:27  Drone  
  44  3:30  Overlord  
  45  3:37  Drone  
  45  3:41  Drone  
  47  3:44  Drone  
  47  3:51  Drone  
  47  3:52  Drone x3  
  47  3:53  Drone  
  52  3:57  Drone x2  
  52  4:01  Queen  
  56  4:05  Roach Warren, Extractor x2  
  56  4:06  Drone  
  54  4:13  Overlord  
  54  4:17  Drone  
  54  4:20  Drone  
  54  4:23  Overlord x2  
  57  4:24  Drone  
  57  4:25  Drone  
  57  4:29  Drone  
  59  4:33  Drone x3  
  62  4:40  Overlord  
  62  4:49  Roach x2  
  62  4:51  Roach  
  68  4:53  Roach  
  68  4:55  Roach  
  68  4:59  Roach  
  74  5:06  Roach  
  74  5:07  Roach x3  
  78  5:14  Queen  
  77  5:26  Spore Crawler  
  77  5:27  Drone  
  77  5:28  Spore Crawler  
  77  5:29  Ravager  
  77  5:30  Ravager x4  
  81  5:36  Zergling x14  
  81  5:37  Overlord  
  88  5:43  Ravager  
  88  5:44  Zergling x2  
  88  5:47  Overlord  
  89  5:52  Overlord  
  89  5:55  Queen  
  91  6:07  Ravager x2  
  91  6:08  Ravager, Zergling x8  
  91  6:11  Zergling x8  
  97  6:19  Zergling x2  
  97  6:22  Zergling x4  
  97  6:24  Ravager  

Tags
 
Add a new tag
Caveats
  • Supply blocks, unpowered buildings, or Contaminate may cause inaccurate times.
  • Supply counts are checked every 10 seconds.